 Dungeon Crawl Stone Soup version 0.30-a0-743-gbfdf073431 (webtiles) character file.

Game seed: 404950864277262430

7 Sabo the Nimble (level 2, 23/23 HPs)
             Began as a Gnoll Wanderer on Feb 8, 2023.
             Was a Plaything of Xom.
             Got out of the dungeon alive.
             The game lasted 00:01:55 (201 turns).

Sabo the Nimble (Gnoll Wanderer)                     Turns: 201, Time: 00:01:56

Health: 23/23      AC:  3    Str: 12    XL:     2   Next: 4%
Magic:  3/3        EV: 14    Int: 10    God:    Xom [..*...]
Gold:   0          SH:  0    Dex: 11    Spells: 1/1 levels left

rFire   . . .      SeeInvis .    a - +0 spear
rCold   . . .      Faith    .    (no shield)
rNeg    . . .      Spirit   .    c - +0 leather armour
rPois   .          Reflect  .    (no helmet)
rElec   .          Harm     .    (no cloak)
rCorr   .          Rampage  .    (no gloves)
Will    .....                    (no boots)
Stlth   ++                       (no amulet)
HPRegen 0.23/turn                (no ring)
MPRegen 0.08/turn                (no ring)

@: no status effects
A: fangs 1, strong nose, distributed training
a: Renounce Religion


You escaped.
You worshipped Xom.
You were a toy of Xom.
You visited 1 branch of the dungeon, and saw 1 of its levels.

Inventory:

Hand Weapons
 a - a +0 spear (weapon)
Missiles
 b - 3 throwing nets (quivered)
Armour
 c - a +0 leather armour (worn)
Scrolls
 d - a scroll of vulnerability
 e - a scroll of fear
 f - a scroll of enchant weapon {unknown}
Potions
 g - a potion of brilliance {unknown}
 h - a potion of heal wounds {unknown}


   Skills:
 + Level 2.4 Fighting
 + Level 0.2 Short Blades
 + Level 0.2 Long Blades
 + Level 0.2 Axes
 + Level 0.2 Maces & Flails
 + Level 4.4 Polearms
 + Level 0.2 Staves
 + Level 0.2 Ranged Weapons
 + Level 0.2 Throwing
 + Level 0.2 Armour
 + Level 8.4 Dodging
 + Level 4.0 Stealth
 + Level 0.2 Shields
 + Level 0.2 Unarmed Combat
 + Level 0.2 Spellcasting
 + Level 0.1 Conjurations
 + Level 0.1 Hexes
 + Level 0.1 Summonings
 + Level 0.1 Necromancy
 + Level 0.1 Translocations
 + Level 0.1 Transmutations
 + Level 0.1 Fire Magic
 + Level 0.1 Ice Magic
 + Level 0.1 Air Magic
 + Level 0.1 Earth Magic
 + Level 0.1 Poison Magic
 + Level 2.4 Invocations
 + Level 0.2 Evocations


You had one spell level left.
You didn't know any spells.
Your spell library was empty.

Dungeon Overview and Level Annotations

Branches:
Dungeon (1/15)

Altars:
Xom


Innate Abilities, Weirdness & Mutations

You have very sharp teeth.
Your uncanny sense of smell can sniff out nearby items.
Your experience applies equally to all skills.


Message History

A goblin comes into view. It is wielding a +0 club.
There is a stone staircase leading down here.
The goblin shouts!
The goblin hits you but does no damage.
You hit the goblin but do no damage. The goblin closely misses you.
You hit the goblin.
You kill the goblin!
You have reached level 2!
Found a human skeleton.
You see here a +0 club.
Found two human skeletons.
Found a grey potion and two human skeletons.
Found a human skeleton.
Found a human skeleton.
Found a faded altar of an unknown god.
You see here a human skeleton.
A quokka comes into view.
You see here a human skeleton.
A giant cockroach comes into view.
Found a whip.
You see here a grey potion.
There is a faded altar of an unknown god here.
You see here a grey potion.
h - a grey potion A quokka comes into view.
There is a faded altar of an unknown god here.
This altar belongs to (a) Xom, (b) Qazlal or (c) Fedhas, but you can't tell which.
Press the corresponding letter to learn more about a god, or press enter to convert or escape to cancel.
Xom accepts your prayer! Xom welcomes you!
Xom is fascinated!
You see here a +0 club.
There is a stone staircase leading down here.
There is a staircase leading out of the dungeon here.
You can't go down here!
Are you sure you want to leave the Dungeon?
This will make you lose the game!
Uppercase [Y]es or [N]o only, please.
Are you sure you want to leave the Dungeon?
This will make you lose the game! [Y]es or [N]o only, please.
Are you sure you want to leave the Dungeon?
This will make you lose the game!
You have escaped!

...)..#########.##.###..##.#..###
...#### #..#..............# ...#
##.#..#.###.###.#.# ...#
#....#...#.#...#.# ..##
#....###.#.#.###.# ..#
#.#..............# ...
...#..###.#.#.###.. ...
######.#.#.....#.#.. ...#
#@...#.###.###.#.. ....
#>................ .###
##................
#################


There were no monsters in sight!

Vanquished Creatures
  2 dart slugs (D:1)
  A goblin (D:1)
  A rat (D:1)
4 creatures vanquished.

Notes
Turn   | Place    | Note
-------+----------+-------------------------------------------
     0 | D:1      | Sabo the Gnoll Wanderer began the quest for the Orb.
     0 | D:1      | Sabo set off with the following items: a +0 spear, 3
                  | throwing nets, a +0 leather armour, a scroll of
                  | vulnerability, a scroll of fear.
     0 | D:1      | Reached XP level 1. HP: 17/17 MP: 2/2
   114 | D:1      | Reached XP level 2. HP: 23/23 MP: 3/3
   127 | D:1      | Found a faded altar of an unknown god.
   153 | D:1      | Prayed at the altar of an unknown god.
   153 | D:1      | Became a worshipper of Xom of Chaos
   201 | D:$      | Got out of the dungeon alive.

Illustrated notes

Levels and vault maps discovered:
D:1:      dpeg_arrival_tiny_a, layout_rooms, shapermc_ecumenical_altar_pompeii,
          kennysheep_minor_cross, minmay_misc_feat_roman

Action                     || total
---------------------------++-------
  Melee: Spear             ||    17
         Bite              ||     1
 Armour: Leather armour    ||     1
  Dodge: Dodged            ||     6

Table legend: (Time is in decaauts)
 A = Elapsed time spent in this place.
 B = Non-inter-level travel time spent in this place.
 C = Inter-level travel time spent in this place.
 D = Time resting spent in this place.
 E = Time spent auto-exploring this place.
 F = Levels seen in this place.
 G = Mean time per level.
                   A        B        C        D        E       F      G
               +--------+--------+--------+--------+--------+-----+--------+
         Total |    198 |    198 |      0 |     21 |      0 |   1 |  198.0 |
       Dungeon |    198 |    198 |      0 |     21 |      0 |   1 |  198.0 |
               +--------+--------+--------+--------+--------+-----+--------+

Top non-repeatable levels by time:
     D:1: 198 daAuts
